cohdb
Replays
Latest Replays
All Replays
Popular Replays
Top Player Replays
Match Explorer
How It Works
Community
CoH3 Stats
Reddit
Sign in to upload your games and track your stats! →
Sign in with Steam
Match 46834663
Unlisted
Match 46834663
Overview
Messages
Build Orders
End
Panzerpioneer Squad
250 Light Carrier
Selects Panzerjäger Kommand Battlegroup
Selects Mine Fields
Panzergrenadier Squad
Construct Light Support Kompanie
2.5-tonne Medical Truck
Panzerpioneer Squad
Panzerjäger Squad
Fire Support Elements
Selects Defensive Positions
Veteran Squad Leaders
Panzerjäger Squad
Construct Panzerarmee Kommand
Vehicle Survival Package
Selects Tank Busters
Emergency Repair Kits
Tungsten Core Ammunition
Panzer III L Medium Tank
Pak 38 Mechanized Group
Selects Crew Shock Tactics
Panzer III L Medium Tank
Selects Anti-tank Overwatch
Rapid Advance
Anti-tank Overwatch
Panzer III L Medium Tank
Selects Butterfly Bomb Drop
Armored Reserves
Panzerjäger Squad
Anti-tank Overwatch
Advanced Field Repairs
Anti-tank Overwatch
Tiger Heavy Tank
Anti-tank Overwatch
Panzerpioneer Squad
Panzer III L Medium Tank
$nackzor
$teenzor
$meagolzor
Gollum
Boondoggle
ArmouredTopHat
Ends of Invention
Iceman
0
0
Comments
sign in to comment!
No comments posted yet!